[Event "*** Titled Tuesday Blitz"]
[Site "Chess.com"]
[Date "2019.10.01"]
[Round "2"]
[White "Bagirova"]
[Black "przemekpiotrowski"]
[Result "1/2-1/2"]
[WhiteElo "2079"]
[BlackElo "2403"]
[TimeControl "180+2"]
[EndTime "13:24:29 PDT"]
[Termination "Game drawn - insufficient material"]

1. e4 c5 2. Nf3 Nc6 3. d4 cxd4 4. Nxd4 Nf6 5. Nc3 d6 6. Be2 e5 7. Nb3 Be7 8. O-O a5 9. a4 Be6 10. Be3 O-O 11. f3 Nb4 12. Nb5 d5 13. c3 Na6 14.
exd5 Qxd5 15. Qxd5 Nxd5 16. Bf2 Nxc3 17. bxc3 Bxb3 18.
Rfb1 Be6 19. Rb2 Rac8 20. Na7 Rxc3 21. Rxb7 Bf6 22. Bxa6 e4 23. fxe4 Ra8 24. Rab1 Be5 25. Nb5 Rc2 26. Ra7 Rb8 27. Rb7 Ra8 28. Ra7 Rb8 29.
Bb7 h5 30. Ra8 Rxa8 31. Bxa8 Bxh2+ 32. Kxh2 Rxf2 33. Nc7 Bd7 34. e5 Bxa4 35. Be4 g6 36. Ra1 Bd7 37. Rxa5 Re2 38. Ra8+ Kg7 39. Bf3 Rxe5 40.
Nd5 Be6 41. Ne7 Kf6 42. Ng8+ Kg7 43. Ne7 Kf6 44. Nc6 Rc5 45. Nd4 Rc4 46. Nxe6 Kxe6 47.
Ra6+ Kf5 48. Ra7 f6 49. Ra5+ Kf4 50. Ra6 Kg5 51. Ra5+ f5 52. Ra6 h4 53. Bd5 Rc7 54.
Rc6 Rxc6 55. Bxc6 Kg4 56. Bf3+ Kf4 57. Kh3 g5 58. Kh2 g4 59. Bb7 Kg5 60. Bc8 f4 61. Be6 Kh5 62. Bf7+ Kg5 63. Bd5 Kf5 64. Ba8 Ke5 65.
Bc6 Kd4 66. Bd7 f3 67. Bxg4 fxg2 68. Kxg2 h3+ 69. Kxh3 1/2-1/2

[Event "*** Titled Tuesday Blitz"]
[Site "Chess.com"]
[Date "2019.10.01"]
[Round "2"]
[White "Grandmaster1369"]
[Black "dragos420"]
[Result "0-1"]
[WhiteElo "2670"]
[BlackElo "2354"]
[TimeControl "180+2"]
[EndTime "13:24:32 PDT"]
[Termination "dragos420 won by resignation"]

1. e4 e5 2. Nc3 Nf6 3. Bc4 Nc6 4.
d3 h6 5. f4 d6 6. Nf3 exf4 7.
Bxf4 g5 8. Bd2 Bg7 9. O-O O-O 10. Ne2 Be6 11. Bb3 Bxb3 12. axb3 Nd7 13. c3 Ne7 14.
Nfd4 d5 15. exd5 Nb6 16. c4 c5 17. Nf5 Nxf5 18. Rxf5 Bxb2 19. Rb1 Bg7 20. Ng3 Nc8 21. Ne4 Nd6 22. Nxd6 Bd4+ 23. Kh1 Qxd6 24. Qg4 f6 25. Bf4 Qe7 26. d6 Qg7 27. Bg3 Rae8 28. Rbf1 Qg6 29. Qf3 Re3 30. Qd5+ Kg7 31. Bf2 Rxd3 32. Bxd4 Rxd4 33.
Qxc5 Rd2 34. Qxa7 Rxd6 35. Qxb7+ Rf7 36. Qf3 Rfd7 37. Rb5 Rd3 38. Qf5 Qxf5 39. Rbxf5 Rxb3 40. Rxf6 Rc3 41. Rc6 Rd4 42. c5 Rd5 43. Rcf6 Rdxc5 44. Rf7+ Kg6 45. R1f6+ Kh5 46. h3 g4 47. Rh7 gxh3 48. Rhxh6+ Kg5 49. Rfg6+ Kf5 50. Rf6+ Kg5 51. gxh3 Rc1+ 52.
Kg2 R5c2+ 53. Kg3 Rg1+ 54. Kf3 Rf1+ 55. Ke4 Rxf6 56. Rh8 Rcf2 57. Ke3 R2f3+ 58. Ke4 R3f4+ 59. Ke5 R6f5+ 60. Ke6 Rf1 61. h4+ Kg4 62. Rh7 Rh5 0-1

[Event "*** Titled Tuesday Blitz"]
[Site "Chess.com"]
[Date "2019.10.01"]
[Round "2"]
[White "TheFireChess"]
[Black "bascheyaro"]
[Result "0-1"]
[WhiteElo "2507"]
[BlackElo "2757"]
[TimeControl "180+2"]
[EndTime "13:24:35 PDT"]
[Termination "bascheyaro won by resignation"]

1. e4 e6 2. Nc3 d5 3. d3 Nf6 4. e5 Nfd7 5. f4 c5 6. Nf3 Nc6 7. g3 Be7 8. Bg2 h5 9. h3 h4 10. g4 g5 11. Nxg5 Bxg5 12. fxg5 Ndxe5 13. O-O Bd7 14. Bf4 Ng6 15. Qd2 Nd4 16. Rae1 Bc6 17. Nd1 O-O 18. c3 Nb5 19. Qf2 d4 20. c4 Nd6 21. Be5 Bxg2 22. Qxg2 b5 23. Bf6 Qb6 24.
b3 a5 25. Nf2 a4 26. Ne4 Nxe4 27. Qxe4 axb3 28. axb3 bxc4 29. bxc4 Ra2 30. Re2 Rfa8 31. Rxa2 Rxa2 32. Rf2 Ra3 33. Be5 Qb1+ 34. Kg2 Qxd3 35. Qxd3 Rxd3 36. Bd6 Rc3 37. Bxc5 Rxc4 38. Bd6 e5 39. Ra2 Rc3 40. Ra5 Rg3+ 41. Kf2 Rxh3 42. Bxe5 Nxe5 43. Rxe5 Rg3 44. Re4 d3 45. Rd4 Kg7 46. Rd5 Kg6 47. Rd7 Rh3 48. Rd5 d2 49. Kg2 Rg3+ 50. Kf2 Rxg4 51. Rxd2 Kxg5 52. Rd8 h3 53.
Rg8+ Kf4 54. Rh8 Rg2+ 55. Kf1 Kg4 56. Rh7 f5 57. Rg7+ Kf3 58. Rh7 Rg3 59. Rb7 h2 60.
Rb3+ Kg4 61. Rb4+ f4 0-1

[Event "*** Titled Tuesday Blitz"]
[Site "Chess.com"]
[Date "2019.10.01"]
[Round "2"]
[White "nubair1198"]
[Black "kosmeg"]
[Result "0-1"]
[WhiteElo "2694"]
[BlackElo "2503"]
[TimeControl "180+2"]
[EndTime "13:24:41 PDT"]
[Termination "kosmeg won by resignation"]

1. d4 Nf6 2. c4 e6 3. Nc3 Bb4 4. Qc2 Nc6 5. Nf3 d6 6. Bd2 e5 7.
d5 Bxc3 8. Bxc3 Ne7 9. e4 O-O 10. c5 Nd7 11. cxd6 cxd6 12. Be2 Ng6 13. g3 a5 14. h4 h6 15. h5 Ne7 16. Nh4 Qb6 17. Qb3 Qxb3 18. axb3 Nc5 19. Rxa5 Rxa5 20. Bxa5 Nxe4 21.
Bc4 Bd7 22. Bb6 Nf6 23. Bc7 b5 24. Be2 Ne8 25. Bd8 Nxd5 26. O-O Nef6 27. Ba5 b4 28. Ra1 Ra8 29. Nf3 Ne4 30. Bc4 Be6 31. Ra4 Nc5 32. Ra1 Nb6 33. Nd2 Nxc4 34. bxc4 Nb7 35. Ra4 Rxa5 36. Rxb4 Nc5 37. Kg2 Ra2 38. Rb6 Nd3 39.
Rxd6 Nxb2 40. c5 Nc4 41. Rxe6 Nxd2 42. Re8+ Kh7 43. Rxe5 Nb3 44. Re7 f6 45. c6 Rc2 46.
c7 Nd4 47. Kh3 Nb5 48. Kg4 Rxc7 49. Re2 Rc5 50. f4 Nd6 51. Re6 f5+ 52. Kf3 Rc3+ 53. Kg2 Ne4 54. g4 Rg3+ 55. Kh2 Rxg4 56. Re5 Rxf4 57. Kh3 Rf3+ 58. Kg2 Rg3+ 59. Kh2 Rg5 60. Kh3 Nf6 61. Re7 Rxh5+ 62. Kg3 Rg5+ 63. Kf4 Kg6 64.
Rb7 Rg4+ 65. Ke5 Re4+ 66. Kd6 h5 67. Rb1 Kg5 68. Rg1+ Ng4 69. Ra1 g6 70. Ra7 h4 71.
Re7 Rxe7 72. Kxe7 h3 0-1

[Event "*** Titled Tuesday Blitz"]
[Site "Chess.com"]
[Date "2019.10.01"]
[Round "2"]
[White "FearNoEvil12"]
[Black "boasovietica"]
[Result "0-1"]
[WhiteElo "2026"]
[BlackElo "2414"]
[TimeControl "180+2"]
[EndTime "13:24:46 PDT"]
[Termination "boasovietica won by resignation"]

1. e4 e5 2. d4 exd4 3. Bc4 Nf6 4. Nf3 Nc6 5. O-O d6 6. Nxd4 Bd7 7. Nc3 Be7 8. h3 Nxd4 9. Qxd4 O-O 10. Be3 Bc6 11.
f4 Re8 12. Rad1 Nd7 13. Qd2 Nb6 14. Bb3 Bf6 15. e5 dxe5 16. Qxd8 Raxd8 17. Rxd8 Rxd8 18.
fxe5 Bxe5 19. Bxf7+ Kh8 20. Bb3 Bf6 21. Bxb6 axb6 22. Rd1 Re8 23. Kf1 h6 24. Nd5 Rd8 25. c4 Be5 26. Re1 Rf8+ 27. Kg1 Bg3 28. Re2 b5 29.
Ne7 Be8 30. cxb5 Rf6 31. Nf5 Bxb5 32. Nxg3 Bxe2 33. Nxe2 Rd6 34. Nc3 Rd2 35. Kh2 Rxb2 36. Nd5 c6 37. Nb4 Rd2 38. h4 g6 39. Nc2 Kg7 40. Ne3 b5 41. Kg3 c5 42. Bd5 c4 43. Kf3 Rxa2 44. h5 gxh5 45. Nf5+ Kg6 46. Be4 Kg5 47. Nd4 b4 48. Bd5 Ra3+ 49. Ke4 c3 50. Nc2 Ra4 51. Kd3 Ra5 52. Bb3 Rb5 53.
Kc4 Rf5 54. Nxb4 Rf2 55. g3 Kg4 56. Kxc3 Kxg3 57. Nd3 Rf3 58. Kd4 h4 59. Bd5 h3 60.
Ne5 Rf4+ 61. Ke3 Rf5 62. Ke4 Rg5 63. Nf3 h2 64. Nxg5 h1=Q+ 65. Ke3 Qe1+ 66. Kd4 hxg5 0-1

[Event "*** Titled Tuesday Blitz"]
[Site "Chess.com"]
[Date "2019.10.01"]
[Round "2"]
[White "CastleOasisChess"]
[Black "Godzillator"]
[Result "1/2-1/2"]
[WhiteElo "2008"]
[BlackElo "2400"]
[TimeControl "180+2"]
[EndTime "13:24:51 PDT"]
[Termination "Game drawn by agreement"]

1. d4 d5 2. e3 c6 3. Bd3 Nf6 4. Nd2 Bg4 5. f3 Bh5 6. Ne2 e6 7. Nf4 Bg6 8. Nxg6 hxg6 9. O-O Bd6 10. f4 Nbd7 11. Nf3 Qc7 12. Ne5 Ne4 13. c3 g5 14.
Bxe4 dxe4 15. Qg4 gxf4 16. exf4 g6 17. b4 Nf6 18. Qg5 Be7 19. Qg3 Nh5 20. Qe3 g5 21. Qxe4 gxf4 22. Bxf4 Nxf4 23. Qxf4 f5 24. Ng6 Qxf4 25.
Nxf4 Kd7 26. Rae1 Rh6 27. g3 Bg5 28. Re2 Rah8 29. Rg2 Re8 30. Re2 Kd6 31. Re5 Bf6 32. Re2 e5 33. dxe5+ Rxe5 34. Rxe5 Bxe5 35. Rf3 Bh8 36. h4 Ke7 37. Re3+ Kf7 38. Kf2 Rd6 39. Ke2 a5 40. a3 a4 41. c4 Bd4 42. Rd3 Rd7 43. Kf3 b6 44. Ne2 c5 45. bxc5 bxc5 46.
Nxd4 cxd4 47. Kf4 Kf6 48. c5 Rg7 49. c6 Rg4+ 50. Kf3 Ke6 51. h5 Kd6 52. h6 Rg8 53.
Rxd4+ Kxc6 54. Kf4 Rg4+ 55. Ke5 Rxg3 56. h7 Rh3 57. Kxf5 Rxh7 58. Rxa4 Re7 59. Ra6+ Kb5 60. Ra8 Re1 61. a4+ Kb6 62. a5+ Kb7 63. Rh8 Ra1 64.
Rh7+ Ka6 65. Rh8 Rxa5+ 66. Ke6 Rc5 67. Kd6 Rc1 68. Ra8+ Kb7 69. Ra2 Rd1+ 70. Ke6 Kc6 71. Re2 Rc1 72. Kf5 Kd5 73. Rd2+ Kc4 74. Ke5 Re1+ 75.
Kd6 Re8 76. Kd7 Re5 77. Kd6 Re3 78. Kd7 Rh3 79. Ke7 Rh8 80. Kf7 Kc3 81. Rd1 Rh2 82. Kf6 Re2 83. Rd8 Kc4 84. Kf5 Kc5 85. Kf6 Kc6 86. Kf5 Kc7 87. Rd1 Kc6 1/2-1/2

[Event "*** Titled Tuesday Blitz"]
[Site "Chess.com"]
[Date "2019.10.01"]
[Round "2"]
[White "Abdodi"]
[Black "Kostya_Nikologorskiy"]
[Result "0-1"]
[WhiteElo "2185"]
[BlackElo "2474"]
[TimeControl "180+2"]
[EndTime "13:25:03 PDT"]
[Termination "Kostya_Nikologorskiy won by checkmate"]

1. d4 Nf6 2. c4 e6 3. g3 Bb4+ 4. Bd2 Bxd2+ 5. Nxd2 O-O 6. Bg2 d5 7.
Ngf3 b6 8. cxd5 exd5 9. O-O Nbd7 10. Rc1 Bb7 11. Qc2 Rc8 12. Rfd1 Re8 13. e3 c5 14. Qf5 g6 15. Qb1 c4 16. Qc2 b5 17. a3 Ne4 18.
Nxe4 dxe4 19. Nd2 Nf6 20. Nb1 a5 21. Nc3 b4 22. axb4 axb4 23. Ne2 Nd5 24. Bxe4 Nxe3 25. fxe3 Bxe4 26. Qd2 Bf3 27. Rf1 Bxe2 28. Qxe2 Qxd4 29. Rf4 Qd3 30. Qxd3 cxd3 31. Rd1 Rxe3 32. Rxb4 Rc2 33. Rd4 Rxb2 34. R4xd3 Ree2 35. h4 Kg7 36. Kh1 Kh6 37. Kg1 Kh5 38. Rf3 f5 39. Rd4 Rg2+ 40. Kh1 Rh2+ 41. Kg1 Rbg2+ 42. Kf1 Rc2 43. Kg1 h6 44. Ra4 Rb2 45. Rc4 Rhg2+ 46. Kh1 Rgd2 47. Kg1 g5 48. hxg5 hxg5 49. Rxf5 Rg2+ 50. Kh1 Rxg3 51. Rf8 Rh3+ 52. Kg1 Rg3+ 53. Kh1 Rd3 54. Kg1 Rd1+ 55. Rf1 Rdd2 56. Rf8 Rd3 57. Rg8 Rg3+ 58. Kh1 Rf3 59. Rc1 Rff2 60. Kg1 Rfd2 61. Rf8 Kg4 62. Rc4+ Kh3 63.
Rc3+ Kh4 64. Rh8+ Kg4 65. Rf8 Rg2+ 66. Kh1 Rh2+ 67. Kg1 Rbg2+ 68. Kf1 Ra2 69. Kg1 Rhd2 70. Rc4+ Kh5 71. Rh8+ Kg6 72. Rf8 Kg7 73. Rf1 Rg2+ 74. Kh1 Rh2+ 75. Kg1 Rag2# 0-1

[Event "*** Titled Tuesday Blitz"]
[Site "Chess.com"]
[Date "2019.10.01"]
[Round "2"]
[White "googlegoom"]
[Black "JakubPulpan"]
[Result "0-1"]
[WhiteElo "2498"]
[BlackElo "2734"]
[TimeControl "180+2"]
[EndTime "13:25:10 PDT"]
[Termination "JakubPulpan won by checkmate"]

1. Nf3 Nf6 2. b3 c5 3. Bb2 Nc6 4. e3 d6 5. d4 cxd4 6. Nxd4 g6 7.
Be2 Bg7 8. O-O O-O 9. c4 Qa5 10. a3 Bd7 11. Nd2 Rac8 12. b4 Qc7 13. Rc1 a6 14.
Qb3 Qb6 15. Qa2 Rfe8 16. N2b3 Ne5 17. c5 dxc5 18. Nxc5 Nc6 19. Qa1 e5 20. Nxd7 Nxd7 21. Nxc6 Rxc6 22. Rxc6 Qxc6 23. Rc1 Qb6 24. Rd1 Nf8 25.
g3 h5 26. h4 a5 27. b5 Qc5 28. a4 Ne6 29. Bf3 e4 30. Bxe4 Bxb2 31. Qxb2 b6 32. Bc6 Rd8 33. Rxd8+ Nxd8 34. Qf6 Ne6 35. e4 Qd4 36.
Qe7 Qc5 37. Qe8+ Qf8 38. Qd7 Nc5 39. Qc7 Nxa4 40. Bd5 Qe8 41. Kg2 Qf8 42. e5 Qe8 43. Qc2 Qxe5 44. Qxg6+ Qg7 45. Qxh5 Nc5 46. Qf5 a4 47. h5 a3 48. h6 Qf8 49. Qg5+ Kh7 50. Qf6 Qxh6 51. Qxf7+ Qg7 52. Qh5+ Qh6 53. Qf7+ Qg7 54.
Qf5+ Qg6 55. Qc8 Kh6 56. Qc7 Ne6 57. Qe5 Nc5 58. Qe3+ Qg5 59. Qxa3 Qxd5+ 60. Kh2 Qh5+ 61. Kg2 Qd5+ 62. Kh2 Ne4 63. Qe3+ Ng5 64. Qxb6+ Kh5 65.
Qf6 Nf3+ 66. Kg2 Nh4+ 67. Kf1 Qd1# 0-1

[Event "*** Titled Tuesday Blitz"]
[Site "Chess.com"]
[Date "2019.10.01"]
[Round "2"]
[White "731291"]
[Black "ChessBitl"]
[Result "1-0"]
[WhiteElo "2631"]
[BlackElo "2323"]
[TimeControl "180+2"]
[EndTime "13:25:22 PDT"]
[Termination "731291 won on time"]

1. d4 d5 2. c4 dxc4 3. e3 Nf6 4. Bxc4 e6 5. Nf3 a6 6. O-O c5 7. dxc5 Qxd1 8. Rxd1 Bxc5 9. a3 b5 10. Be2 Bb7 11. b4 Be7 12. Bb2 Nbd7 13. Nbd2 Rc8 14.
Nb3 O-O 15. Nfd4 Nb6 16. Na5 Ba8 17. Rac1 Ne4 18. Nac6 Bf6 19. Bf3 Ng5 20. Ba1 Nxf3+ 21.
gxf3 Nc4 22. Na5 Nxa5 23. bxa5 Bd5 24. Kg2 Rfd8 25. Bc3 Kf8 26. Bb4+ Ke8 27. Kg3 g6 28. f4 Bxd4 29. Rxc8 Rxc8 30. Rxd4 Rc4 31. Rd2 f6 32. f3 f5 33. Rf2 Kf7 34. Kh4 h6 35. Kg3 g5 36. fxg5 hxg5 37. Rd2 Kg6 38. Be7 Rc3 39. Kf2 Rb3 40. Bb4 Kf7 41. Rc2 Kg6 42.
Rc7 f4 43. e4 Bc4 44. Rc6 Rb2+ 45. Kg1 Rb1+ 46. Kf2 Rb2+ 47. Kg1 g4 48. fxg4 f3 49. Bc5 Rg2+ 50. Kh1 Re2 51. Kg1 Rg2+ 52. Kh1 Rxg4 53. Rxa6 b4 54. Ra8 Kf7 55. axb4 Rxe4 56. h3 Re2 57. Rf8+ Kg7 58. Kg1 Rg2+ 59. Kh1 Re2 60. Rf4 Bd5 61. Kg1 Ra2 62. Bb6 Kg6 63. Bd4 Rg2+ 64.
Kf1 Rd2 65. Ke1 Re2+ 66. Kf1 e5 67. Rg4+ Kf5 68. Bc5 e4 69. a6 Bc4 70. a7 Rg2+ 71. Ke1 Rxg4 72. hxg4+ Kxg4 73. a8=Q Kf4 74. Qf8+ 1-0

[Event "*** Titled Tuesday Blitz"]
[Site "Chess.com"]
[Date "2019.10.01"]
[Round "2"]
[White "ural58"]
[Black "alishersuleymenov"]
[Result "0-1"]
[WhiteElo "2348"]
[BlackElo "2703"]
[TimeControl "180+2"]
[EndTime "13:25:23 PDT"]
[Termination "alishersuleymenov won by resignation"]

1. Nc3 Nf6 2. e4 d6 3. d4 g6 4.
h4 Bg7 5. h5 Nxh5 6. Bc4 Nc6 7.
Rxh5 gxh5 8. Qxh5 e6 9. Bg5 Bf6 10. Nf3 h6 11. Be3 Qe7 12. O-O-O Bd7 13. e5 Bg7 14.
exd6 cxd6 15. d5 Ne5 16. dxe6 Bxe6 17. Bb5+ Nc6 18. Nd4 Rc8 19. Nxe6 Qxe6 20. Bd2 O-O 21. Bd3 Nd4 22. Re1 Rc5 23. Qh4 Re5 24. Rh1 Nf5 25.
Qf4 d5 26. Ne2 d4 27. Ng3 Nxg3 28. Qxg3 Kh8 29. Kb1 Re8 30. a3 a5 31. Bf4 Rc5 32. Bc1 b5 33. Qh4 b4 34. Bxh6 Bxh6 35. Qxh6+ Qxh6 36. Rxh6+ Kg7 37. Ra6 bxa3 38. b3 Re1+ 39. Ka2 Rg1 40. Be4 Rf1 41. f3 Rf2 42. g4 d3 43.
Bxd3 Rxf3 44. Bf5 Rf4 45. Kxa3 Rd4 46. c4 Rd1 47. Rb6 Re5 48. Rb5 Kf6 49. Rxe5 Kxe5 50. Ka4 Kd4 51. Kxa5 Kc5 52. Ka6 Rd2 53. Kb7 Rb2 54.
Kc7 Rxb3 55. Kd7 Rb7+ 56. Ke8 f6 57. Be6 Kd6 58. Bd5 Rg7 59. Bf3 Rc7 60. Bd5 Ke5 61. Kd8 Rg7 62. Bf3 Kd4 63. Be2 Ra7 64. Ke8 Rb7 65. Bf1 Rc7 66. Be2 Ke5 67. Kd8 Ra7 68. Bd3 Kd4 69. Be2 Ra2 70. Bf1 Rf2 71. Bh3 Kxc4 72.
Ke7 Kd5 73. Kf7 Ke5 74. Kg6 Rf3 0-1

[Event "*** Titled Tuesday Blitz"]
[Site "Chess.com"]
[Date "2019.10.01"]
[Round "2"]
[White "PaulfromSPb"]
[Black "Bucefal_M"]
[Result "1-0"]
[WhiteElo "2670"]
[BlackElo "2279"]
[TimeControl "180+2"]
[EndTime "13:25:48 PDT"]
[Termination "PaulfromSPb won by resignation"]

1. e4 c6 2. Nf3 d5 3. Nc3 Bg4 4. h3 Bxf3 5. Qxf3 e6 6. g4 Nf6 7. Bg2 dxe4 8. Nxe4 Nxe4 9. Qxe4 Qd5 10. d3 Qxe4+ 11.
dxe4 e5 12. f4 exf4 13. Bxf4 Nd7 14. O-O-O f6 15. e5 Nxe5 16. Bxe5 fxe5 17. Rhe1 Rd8 18. Rxe5+ Be7 19. Rde1 Rd7 20. Bf1 Kd8 21. Bd3 Bf6 22. R5e2 h6 23. Bf5 Rd6 24. c3 Kc7 25. Kc2 Rhd8 26.
a4 Bg5 27. Kb3 a5 28. Re5 Kb6 29. R1e2 Rd2 30. Rxd2 Rxd2 31. Re8 Rh2 32. Rg8 Bc1 33. Bc2 Rxh3 34. Rxg7 Bg5 35. Bf5 Re3 36. Kc4 Re7 37. Rg6 Rf7 38. b4 axb4 39. cxb4 Re7 40. a5+ Ka7 41. Rg8 Bd2 42. Rd8 Be3 43. Rd3 Bg5 44.
Rd4 Be3 45. Rd6 Bg5 46. Rg6 Rf7 47. Kb3 Re7 48. Ka4 Rf7 49. b5 cxb5+ 50. Kxb5 Re7 51. Be6 Be3 52. Bd5 Bg5 53. a6 bxa6+ 54. Rxa6+ Kb8 55. Kc6 Ra7 56. Rb6+ Kc8 57. Kd6 Bf4+ 58. Ke6 Ra1 59. Rc6+ Kd8 60. Kf6 Re1 61. Be6 Bg5+ 62. Kf7 Rc1 63.
Rd6+ Kc7 64. Rd5 Kc6 65. Ra5 Rf1+ 66. Bf5 Kb6 67. Re5 Kc7 68. Ke6 Rf3 69. Rc5+ Kb6 70. Rc2 Re3+ 71. Kd5 Re1 72. Rb2+ Kc7 73. Rc2+ Kb6 74.
Rc6+ Kb5 75. Rc8 Kb6 76. Be4 Rd1+ 77. Ke5 Re1 78. Rb8+ Kc5 79. Rc8+ Kb6 80. Rc4 Rd1 81. Bd5 Re1+ 82. Kd6 Bf4+ 83. Rxf4 1-0

[Event "*** Titled Tuesday Blitz"]
[Site "Chess.com"]
[Date "2019.10.01"]
[Round "2"]
[White "joppie2"]
[Black "Ginzburg_Yakov"]
[Result "1-0"]
[WhiteElo "2861"]
[BlackElo "2571"]
[TimeControl "180+2"]
[EndTime "13:26:00 PDT"]
[Termination "joppie2 won by resignation"]

1. c4 c6 2. Nc3 d5 3. e3 Nf6 4. d4 e6 5. Nf3 Nbd7 6. Qc2 Bd6 7. b3 O-O 8. Be2 e5 9. cxd5 cxd5 10. dxe5 Nxe5 11.
O-O Nfg4 12. Nxe5 Bxe5 13. h3 Bh2+ 14. Kh1 Bb8 15. Ba3 Qc7 16. g3 Nxe3 17. fxe3 Qxg3 18. Bf3 Qxh3+ 19. Kg1 Re8 20. Qg2 Be5 21. Bxd5 Qxe3+ 22. Qf2 Qg5+ 23. Bg2 Be6 24. Ne4 Qh6 25. Ng3 Rad8 26.
Rad1 Qg6 27. Rxd8 Rxd8 28. Nf5 Bxf5 29. Qxf5 Qb6+ 30. Kh1 Qh6+ 31. Bh3 Bf6 32. Bc1 Qh4 33. Kg2 h6 34. Bf4 Re8 35. Rf2 Bd4 36. Bg3 Qe7 37. Rd2 Bb6 38. Bg4 g6 39. Qd5 h5 40. Re2 Qf8 41. Bf3 Rxe2+ 42. Bxe2 Qg7 43. Be5 Qf8 44. Qxb7 Qe8 45. Bc4 h4 46. Kh3 Bf2 47. a4 Bg3 48. Bxg3 hxg3 49. Qf3 Qd7+ 50. Kxg3 Qd6+ 51. Qf4 Qe7 52.
b4 Qe1+ 53. Kg4 Qg1+ 54. Kh4 Qh1+ 55. Kg5 Qg1+ 56. Kf6 Qb6+ 57. Ke7 Qxb4+ 58. Kd8 Qa5+ 59. Kc8 Qc5+ 60. Kb7 Qb6+ 61. Ka8 Qd8+ 62. Kxa7 Qa5+ 63. Kb7 Qb4+ 64. Kc7 Qc5+ 65. Kd7 Qa7+ 66. Kc8 Qa8+ 67. Kc7 Qa7+ 68. Kd8 Qb6+ 69. Ke7 Qa7+ 70. Kf6 Qb6+ 71.
Kg5 Qc5+ 72. Kh4 Qe7+ 73. Kg4 Qd7+ 74. Kg3 Kh8 75. Qf6+ Kg8 76. Qxf7+ Qxf7 77. Bxf7+ Kxf7 78. a5 1-0

[Event "*** Titled Tuesday Blitz"]
[Site "Chess.com"]
[Date "2019.10.01"]
[Round "2"]
[White "Shubinkirill2003"]
[Black "Vuk2000"]
[Result "1/2-1/2"]
[WhiteElo "2541"]
[BlackElo "2812"]
[TimeControl "180+2"]
[EndTime "13:26:01 PDT"]
[Termination "Game drawn by repetition"]

1. e4 e6 2. d4 d5 3. Nc3 Bb4 4. e5 c5 5. a3 Bxc3+ 6. bxc3 Ne7 7. Qg4 Qc7 8. Bd3 c4 9. Be2 Nf5 10. Nf3 Nc6 11. O-O Bd7 12. Nh4 Nce7 13. Bg5 Nxh4 14. Bxe7 Nf5 15. Bd6 Qc6 16. a4 g6 17. Ba3 Qc7 18. Qf4 h5 19. Rfb1 Bxa4 20. Bd6 Qd7 21. Rb2 Nxd6 22. exd6 Bc6 23. g4 hxg4 24. Bxg4 O-O 25. Re1 f5 26. Bd1 Rad8 27. Re3 g5 28. Rg3 Rf7 29. Qxg5+ Rg7 30. Qf6 Rf8 31. Qe5 f4 32.
Rg4 Rf5 33. Qe1 Qxd6 34. Bf3 Rf6 35. h3 a5 36. Rb1 a4 37. Qd2 Rfg6 38. Re1 a3 39.
Qc1 Bd7 40. Re5 Qe7 41. Kf1 Rf6 42. Ke2 Rxg4 43. hxg4 Rf7 44. Bxd5 Qd6 45. Bf3 a2 46. Ra5 Bc6 47. Rxa2 Bxf3+ 48. Kxf3 Qc6+ 49. Ke2 Qe4+ 50. Kd2 f3 51. Qe1 Qxg4 52. Qe5 Kh7 53. Ra8 Rg7 54.
Re8 Qg6 55. Rxe6 Qg4 56. Qh2+ Kg8 57. Qb8+ Kh7 58. Re3 Qf5 59. Qh2+ Kg8 60. Qd6 Qf7 61. Qd8+ Kh7 62. Qh4+ Kg8 63. Qe4 Rg2 64. Rxf3 Rxf2+ 65. Rxf2 Qxf2+ 66. Kc1 Qf7 67. Kb2 Qc7 68. d5 Qb6+ 69.
Kc1 Qg1+ 70. Kd2 Qf2+ 71. Qe2 Qf4+ 72. Kd1 Kf8 73. Qe6 Qf1+ 74. Kd2 Qf2+ 75. Kc1 Qg1+ 76. Kb2 Qc5 77. d6 Qb6+ 78. Kc1 Qg1+ 79. Kd2 Qf2+ 80.
Kd1 Qf1+ 81. Kd2 Qf2+ 82. Kc1 Qg1+ 83. Kb2 Qb6+ 84. Kc1 Qg1+ 1/2-1/2

[Event "*** Titled Tuesday Blitz"]
[Site "Chess.com"]
[Date "2019.10.01"]
[Round "2"]
[White "r31415"]
[Black "albano87"]
[Result "0-1"]
[WhiteElo "2397"]
[BlackElo "2024"]
[TimeControl "180+2"]
[EndTime "13:26:25 PDT"]
[Termination "albano87 won by resignation"]

1. e4 c5 2. Nf3 Nc6 3. d4 cxd4 4. Nxd4 Nf6 5. Nc3 d6 6. g3 g6 7.
h3 Bg7 8. Be3 O-O 9. Bg2 a6 10.
Qd2 Nxd4 11. Bxd4 Be6 12. O-O Rc8 13. f4 b5 14. a3 Bc4 15. Rf2 Re8 16. f5 e5 17. Be3 Qc7 18. Nd1 b4 19. axb4 Nh5 20. g4 Nf4 21. b3 Bb5 22. c4 Bc6 23. Nc3 Qb7 24. Nd5 Bxd5 25. exd5 g5 26. Ra4 Bf6 27. Kh2 Kg7 28. Bf1 h5 29. gxh5 Rh8 30. Be2 Qe7 31.
Rxa6 Nxh5 32. Ra7 Qd8 33. Bxh5 Rxh5 34. Rg2 e4 35. Bd4 Rxh3+ 36. Kg1 e3 37. Qc3 e2 38.
Bxf6+ Qxf6 39. Qxf6+ Kxf6 40. Rxe2 Rch8 41. Ree7 Kxf5 42.
Rxf7+ Kg4 43. Kf2 Rxb3 44. b5 Rh2+ 45. Kg1 Kg3 46. Ra1 Rbb2 47. Ra3+ Kg4 48. Ra1 Rbg2+ 49. Kf1 Rc2 50. Kg1 Kg3 51. Ra3+ Kg4 52. Ra1 Rhg2+ 53. Kf1 Rgd2 54. Ke1 Rh2 55. Rf1 Rxc4 56. Rb1 Rcc2 57. b6 Rb2 58. Rxb2 Rxb2 59. Kd1 Rxb6 60. Rf6 Kg3 61.
Ke2 g4 62. Rg6 Kh3 63. Kf2 Rb2+ 64. Kg1 Kg3 65. Kf1 Rb1+ 66. Ke2 Rb6 67. Kf1 Kf3 68.
Rf6+ Ke4 69. Rg6 Kf5 70. Rg8 Rb5 71. Rf8+ Ke4 72. Rg8 Kf3 73. Rf8+ Ke4 74. Rg8 Kf4 75. Rf8+ Kg3 76. Rf5 Rb1+ 77. Ke2 Kg2 78. Rf6 g3 79.
Rxd6 Rb2+ 80. Ke1 Rf2 81. Rg6 Kh2 82. Rh6+ Kg1 83. d6 Rf5 84. d7 Re5+ 85. Kd2 Rd5+ 86. Ke2 Rxd7 87. Kf3 g2 88. Rg6 Rf7+ 89. Kg3 Kf1 90. Kh2 Rh7+ 91. Kg3 g1=Q+ 92. Kf3 0-1

[Event "*** Titled Tuesday Blitz"]
[Site "Chess.com"]
[Date "2019.10.01"]
[Round "2"]
[White "FrenchMonster2002"]
[Black "Saloni1299"]
[Result "1/2-1/2"]
[WhiteElo "2406"]
[BlackElo "2036"]
[TimeControl "180+2"]
[EndTime "13:27:04 PDT"]
[Termination "Game drawn by repetition"]

1. e4 e5 2. Nf3 Nc6 3. Bb5 Nf6 4. O-O Nxe4 5. Re1 Nd6 6. Nxe5 Be7 7. Bf1 O-O 8. d4 f6 9. Nf3 Nf7 10. d5 Nce5 11. Nxe5 fxe5 12. c4 d6 13. Nc3 Bf5 14. Bd3 Qd7 15. Bxf5 Qxf5 16. Be3 Bg5 17. Qd2 a6 18. f3 Rae8 19. Ne4 Bh4 20. Bf2 Bg5 21. Qd3 Bd8 22. Rad1 Ng5 23. Nxg5 Bxg5 24. Qxf5 Rxf5 25. Re4 Rf4 26. Rde1 Ref8 27. Bg3 Rxe4 28. Rxe4 Bc1 29. b3 Bb2 30. Kf1 Bd4 31. Ke2 g6 32. Kd3 Kg7 33. Be1 b6 34. Bg3 h5 35. f4 Kf6 36. fxe5+ Bxe5 37. Bxe5+ dxe5 38. b4 Rd8 39. Re2 c6 40. Ke4 cxd5+ 41. cxd5 Rc8 42. Rf2+ Ke7 43. Kxe5 Rc4 44.
d6+ Kd8 45. Ke6 Re4+ 46. Kd5 Rxb4 47. Rf8+ Kd7 48. Rf7+ Kd8 49. Kc6 Rc4+ 50. Kxb6 Rc2 51. a4 Rxg2 52. Rg7 g5 53. Kxa6 Rxh2 54. Rxg5 Rc2 55.
Kb6 Rb2+ 56. Kc6 Rc2+ 57. Kd5 Rd2+ 58. Ke6 Re2+ 59. Kf6 Rd2 60. Ke6 Re2+ 61. Kd5 Rd2+ 62. Kc5 Rc2+ 63. Kb4 Rd2 64. Rg6 h4 65. Rh6 h3 66. a5 h2 67. Kc5 Rc2+ 68. Kb6 Rb2+ 69. Kc6 Rc2+ 70. Kb7 Rb2+ 71. Ka7 Kd7 72. a6 Ra2 73.
Kb7 Rb2+ 74. Ka8 Ra2 75. a7 Rb2 76. Rh8 Kxd6 77. Rh7 Ra2 78. Kb8 Rb2+ 79. Kc8 Rc2+ 80. Kd8 Ra2 81. Ke8 Rxa7 82. Rxh2 Ra8+ 83. Kf7 Ra7+ 84.
Kf6 Ra3 85. Rd2+ Kc5 86. Ke5 Re3+ 87. Kf4 Rc3 88. Ke4 Kc4 89. Rd8 Kb3 90. Kd4 Rc4+ 91.
Kd3 Rc3+ 92. Kd2 Rc2+ 93. Kd1 Rh2 94. Rb8+ Kc3 95. Rc8+ Kb3 96. Rb8+ Kc3 97. Rc8+ Kb3 98. Rb8+ 1/2-1/2

[Event "*** Titled Tuesday Blitz"]
[Site "Chess.com"]
[Date "2019.10.01"]
[Round "2"]
[White "Karacsonyi_Gellert"]
[Black "Raja3401"]
[Result "1/2-1/2"]
[WhiteElo "2538"]
[BlackElo "2809"]
[TimeControl "180+2"]
[EndTime "13:27:24 PDT"]
[Termination "Game drawn by 50-move rule"]

1. e4 c5 2. Nf3 d6 3. d4 cxd4 4.
Nxd4 Nf6 5. Nc3 a6 6. Bc4 e6 7.
O-O Be7 8. Bb3 O-O 9. f4 b5 10. e5 dxe5 11. fxe5 Bc5 12. Be3 Nfd7 13. Ne4 Be7 14. Qh5 g6 15. Qf3 Nxe5 16. Nf6+ Bxf6 17. Qxa8 Ng4 18. Qxb8 Nxe3 19. Nf3 Nxf1 20. Rxf1 Kg7 21. c3 Qd3 22. Qf4 Bb7 23. Ne1 Qd8 24. Nf3 Qb6+ 25. Kh1 Qc6 26. Ne1 e5 27. Qf2 Be7 28. Nd3 f6 29.
Nb4 Bxb4 30. cxb4 Rd8 31. Bd1 f5 32. Qg3 Qd5 33. Bb3 Qe4 34. Re1 f4 35. Qf2 Qd4 36. Qh4 Rd7 37. Qg5 Qxb2 38. h4 h6 39. Qxe5+ Qxe5 40.
Rxe5 Ba8 41. Re6 Rd2 42. Rxa6 Bxg2+ 43. Kg1 f3 44. Ra7+ Kf6 45. Rf7+ Ke5 46. a4 bxa4 47. Bxa4 g5 48. hxg5 hxg5 49. Bc6 g4 50. b5 Rb2 51. Kh2 Bh3+ 52. Kg3 Rg2+ 53. Kh4 Rb2 54. Bxf3 gxf3 55. Rxf3 Be6 56. Re3+ Kd6 57. Kg3 Rxb5 58. Kf2 Bd5 59. Rd3 Ke5 60. Ra3 Be4 61. Ke3 Bd5 62. Rc3 Rb1 63. Ra3 Rh1 64. Ra7 Rh3+ 65. Kd2 Kd4 66.
Rd7 Rh2+ 67. Ke1 Ke3 68. Kd1 Be4 69. Kc1 Rc2+ 70. Kd1 Rb2 71. Ke1 Ra2 72. Rd8 Bc6 73. Rd6 Rc2 74. Re6+ Be4 75. Rd6 Bf5 76. Rd8 Bg6 77. Rd6 Rg2 78. Re6+ Be4 79. Rf6 Rg7 80. Rf8 Bc6 81. Rf6 Bd5 82. Rf8 Bf7 83. Kd1 Kd3 84.
Rd8+ Kc3 85. Ke2 Rg3 86. Kf2 Rh3 87. Rc8+ Bc4 88. Rd8 Rh7 89. Kf3 Bd3 90. Kf4 Re7 91. Rc8+ Bc4 92. Rd8 Re1 93. Kf3 Bd3 94. Kf4 Re7 95.
Kf3 Kd2 96. Kf4 Ke2 97. Rd5 Kd2 98. Rd6 Re4+ 99. Kf3 Ra4 100. Rd8 Ra3 101. Kf4 Ra5 102. Rd7 Rf5+ 103. Kg4 Rf8 104. Rd6 Ke3 105. Rb6 Rg8+ 106. Kh5 Kf4 107. Rb4+ Be4 1/2-1/2